Map: Lerilak Crest

Players

Chewyarms

  • Race: Zerg Zerg
  • League: Diamond

LilDicky - Winner!

  • Race: Terran Terran
  • League: Diamond

VOD

http://www.twitch.tv/tumescentpie

Description

Time

  • Played on: Dec. 8, 2015, 12:57 p.m.
  • Length: 8:02
Show
View Real Time Build Order
Export as new Build Order

Chewyarms Zerg 

Build Orders: Hatch First, Zergling Baneling 

Get SALT Encoding   

  12  0:01  Drone  
  13  0:08  Drone  
  14  0:24  Overlord  
  14  0:26  Extractor  
  13  0:28  Drone  
  13  0:29  Drone, Extractor  
  16  0:43  Drone  
  17  0:55  Hatchery  
  16  0:57  Drone  
  16  1:00  Drone  
  18  1:12  Extractor  
  18  1:13  Drone  
  18  1:21  Spawning Pool  
  18  1:25  Drone  
  18  1:29  Drone  
  19  1:39  Drone  
  20  1:50  Drone  
  21  2:04  Overlord  
  21  2:08  Queen x2  
  21  2:11  Metabolic Boost  
  21  2:14  Zergling x4  
  27  2:18  Zergling x2  
  28  2:32  Drone, Zergling x2  
  28  2:33  Drone  
  31  2:43  Drone  
  32  2:54  Baneling Nest  
  32  2:55  Drone, Zergling x2  
  33  3:05  Drone x2  
  33  3:06  Drone  
  35  3:33  Overlord  
  35  3:39  Overlord  
  35  3:46  Overlord  
  35  3:51  Queen x2  
  35  3:52  Zergling x2  
  35  3:53  Zergling x6  
  43  3:57  Zergling x4  
  43  3:59  Zergling x6  
  48  4:03  Zergling x6  
  48  4:04  Zergling x2  
  48  4:05  Spore Crawler  
  48  4:08  Spore Crawler  
  50  4:12  Baneling  
  50  4:13  Baneling x5  
  50  4:16  Zergling x4  
  52  4:24  Spine Crawler, Zergling x4  
  47  4:41  Zergling x2  
  47  4:42  Zergling x10  
  53  4:48  Baneling  
  53  4:49  Baneling x2  
  53  4:57  Zergling x2  
  53  4:58  Zergling x6  
  49  5:10  Zergling x4  
  34  5:25  Drone x2  
  36  5:34  Drone  
  36  5:35  Drone  
  25  6:09  Drone  
  25  6:10  Drone x4  
  25  6:13  Hatchery  
  25  6:16  Drone  
  25  6:20  Queen  
  25  6:21  Queen  
  25  6:24  Drone  
  25  6:25  Hatchery, Drone  
  30  6:36  Drone x2  
  32  6:50  Drone  
  30  6:56  Drone x3  
  33  7:03  Roach Warren, Drone, Extractor  
  32  7:16  Drone  
  32  7:17  Drone  
  34  7:26  Extractor  
  34  7:27  Drone  
  34  7:32  Drone x4  
  34  7:33  Drone  
  39  7:41  Drone  
  41  7:44  Drone  
Show
View Real Time Build Order
Export as new Build Order

LilDicky Terran - Winner!

Build Orders: 1/1/1, Liberator Opening 

Get SALT Encoding   

  12  0:02  SCV  
  13  0:14  SCV  
  14  0:18  Supply Depot  
  14  0:26  SCV  
  15  0:29  Refinery  
  15  0:39  SCV  
  16  0:45  Barracks  
  16  0:51  SCV  
  17  1:03  SCV  
  18  1:12  Refinery  
  18  1:15  SCV  
  19  1:28  SCV  
  20  1:37  Factory  
  20  1:44  Orbital Command  
  20  1:52  Supply Depot  
  20  1:58  Marine  
  21  2:09  SCV  
  22  2:22  SCV  
  23  2:26  Armory, Starport  
  23  2:27  Factory Tech Lab  
  23  2:30  Barracks Reactor  
  23  2:34  SCV  
  24  2:46  SCV  
  25  2:58  SCV  
  25  3:01  Supply Depot  
  26  3:07  Medivac  
  26  3:10  SCV  
  29  3:13  Marine x2  
  31  3:23  Thor  
  31  3:25  SCV  
  37  3:29  Supply Depot  
  37  3:31  Marine x2  
  39  3:34  Liberator  
  39  3:46  Supply Depot  
  39  3:51  SCV  
  39  3:53  Marine  
  39  3:54  Marine  
  45  4:03  SCV  
  46  4:11  Marine x2  
  46  4:15  SCV  
  49  4:20  Siege Tank  
  52  4:27  SCV, Liberator  
  52  4:29  Marine x2  
  45  4:47  Marine  
  46  5:02  SCV  
  47  5:10  Liberator  
  47  5:28  Command Center  
  50  5:29  Supply Depot  
  44  6:12  Thor  
  50  6:31  Marine  
  51  6:33  SCV  
  51  6:36  Medivac  
  51  6:37  Barracks  
  51  6:39  Barracks  
  54  6:48  Refinery  
  54  6:52  Refinery  
  54  6:54  Marine x2  
  54  6:55  SCV  
  56  7:04  Orbital Command  
  56  7:07  SCV  
  57  7:19  Marine  
  57  7:20  Marine  
  59  7:23  Siege Tank  
  59  7:25  SCV  
  63  7:37  Marine  
  63  7:38  Marine  
  63  7:39  Bunker x2  
  65  7:45  SCV x2  
Tags
 
Add a new tag
Caveats
  • Supply blocks, unpowered buildings, or Contaminate may cause inaccurate times.
  • Supply counts are checked every 10 seconds.